 Dungeon Crawl Stone Soup version 0.27-a0-972-gd1521fd518 (webtiles) character file.

Game seed: 9282054169132753361

3601 spiderkeys the Agent of Entropy (level 9, -4/69 HPs)
             Began as a Demonspawn Abyssal Knight on Apr 14, 2021.
             Was a Priest of Lugonu.
             Killed by divine providence
             ... invoked by an orc priest
              (13 damage)
             ... on level 7 of the Dungeon.
             The game lasted 00:13:42 (9075 turns).

spiderkeys the Agent of Entropy (DsAK)              Turns: 9075, Time: 00:13:42

Health: -4/69      AC:  9    Str: 16    XL:     9   Next: 85%
Magic:  14/14      EV:  9    Int: 13    God:    Lugonu [***...]
Gold:   512        SH: 13    Dex: 13    Spells: 8/8 levels left

rFire    + . .     SeeInvis .   k - +3 spear (pain)
rCold    . . .     Faith    .   e - +0 kite shield
rNeg     . . .     Spirit   .   n - +2 leather armour {rF+}
rPois    .         Reflect  .   (helmet restricted)
rElec    .         Harm     .   o - +0 cloak
rCorr    .         Rampage  .   (no gloves)
Will     .....                  (no boots)
Stlth    +.........             (no amulet)
HPRegen  0.21/turn              m - ring of wizardry
MPRegen  0.14/turn              (no ring)

@: slowed, very slow
A: antennae 1, molten scales 2, powered by death 1, condensation shield
a: Renounce Religion, Depart the Abyss, Bend Space, Banish


You were on level 7 of the Dungeon.
You worshipped Lugonu.
Lugonu was most pleased with you.
You visited 1 branch of the dungeon, and saw 7 of its levels.
You visited the Abyss 1 time.
You also visited: Sewer.

You collected 512 gold pieces.

Inventory:

Hand Weapons
 a - a +1 spear
 k - a +3 spear of pain (weapon)
 u - a +0 trident
Missiles
 l - 8 atropa-tipped darts
 s - a throwing net
Armour
 e - a +0 kite shield (worn)
 n - a +2 leather armour of fire resistance (worn)
 o - a +0 cloak (worn)
Jewellery
 c - the ring of Wewnu {rCorr Str+3}
   (You found it on level 7 of the Dungeon)

   [ring of resist corrosion]

   It affects your strength (+3).
   It protects you from acid and corrosion.
 m - a ring of wizardry (left hand)
 q - a ring of magical power
Wands
 d - a wand of flame (29)
Scrolls
 b - 4 scrolls of identify
 p - 3 scrolls of amnesia
Potions
 g - 3 potions of flight
 h - 3 potions of brilliance
 i - a potion of ambrosia {unknown}
 j - a potion of haste
 r - a potion of invisibility {unknown}
 t - a potion of berserk rage {unknown}


   Skills:
 + Level 6.1 Fighting
 * Level 7.3 Polearms
 + Level 5.2 Armour
 - Level 1.1 Dodging
 + Level 4.5 Shields
 - Level 5.0 Necromancy
 + Level 7.5 Invocations


You had 8 spell levels left.
You didn't know any spells.
Your spell library contained the following spells:

 Spells                   Type           Power      Damage    Failure   Level
 Animate Skeleton         Necr           26%        N/A       8%          1
 Apportation              Tloc           0%         N/A       47%         1
 Beastly Appendage        Tmut           0%         N/A       47%         1
 Corona                   Hex            0%         N/A       47%         1
 Freeze                   Ice            0%         1d3       47%         1
 Summon Small Mammal      Summ           0%         N/A       47%         1
 Ensorcelled Hibernation  Hex/Ice        0%         N/A       61%         2
 Wereblood                Tmut           0%         N/A       61%         2
 Gell's Gravitas          Tloc           0%         N/A       83%         3
 Spider Form              Tmut/Pois      0%         N/A       83%         3
 Ice Form                 Ice/Tmut       0%         N/A       99%         4
 Hydra Form               Tmut           0%         N/A       100%        5
 Summon Forest            Summ/Tloc      0%         N/A       100%        5
 Ozocubu's Refrigeration  Ice            0%         4d5       100%        7


Dungeon Overview and Level Annotations

Branches:
Dungeon (7/15)             Temple (0/1) D:6           Sewer (visited)

Altars:
Ashenzari
Hepliaklqana
Zin

Shops:
D:6 =*

Annotations:
D:4 Prince Ribbit
Abyss:1 Joseph


Innate Abilities, Weirdness & Mutations

You have a pair of small antennae on your head.
You are mostly covered in molten scales. (AC +3)
You regenerate a little health from kills.
A meltable shield of frost defends you. (SH +4)


Message History

Press: ? - help, Dir - move target, f/p - orc priest
Aim: an orc priest, wielding a +0 whip and wearing a +0 leather armour (moderately wounded, about 31% to evade your +3 spear of pain)
You reach to attack!
You hit the orc priest.
The orc priest writhes in agony.
The orc priest is almost dead.
You block the wraith's attack.
Reach: k) +3 spear (pain)
Press: ? - help, Dir - move target, f/p - orc priest
Aim: an orc priest, wielding a +0 whip and wearing a +0 leather armour (severely wounded, about 31% to evade your +3 spear of pain)
The wraith is in the way.
You hit the wraith but do no damage.
The wraith is heavily damaged.
The wraith hits you! The wraith drains your vigour!
You feel as though you will be slow longer.
The orc priest invokes the aid of Beogh against you.
Beogh smites you!
Reach: k) +3 spear (pain)
Press: ? - help, Dir - move target, f/p - orc priest
Aim: an orc priest, wielding a +0 whip and wearing a +0 leather armour (severely wounded, about 32% to evade your +3 spear of pain)
You reach to attack!
You completely miss the orc priest.
The orc priest is severely wounded.
You block the wraith's attack.
The orc priest casts a cantrip, but nothing happens.
The wraith hits you. The wraith drains your vigour!
You feel as though you will be slow longer.
The orc priest calls down the wrath of Beogh upon you.
Beogh smites you!
* * * LOW HITPOINT WARNING * * *
Okay, then.
Okay, then.
You feel better. The wraith hits you but does no damage.
Okay, then.
You block the wraith's attack.
You closely miss the wraith.
The wraith is heavily damaged.
The wraith hits you!
* * * LOW HITPOINT WARNING * * *
The wraith drains your vigour!
You feel as though you will be slow longer.
The orc priest invokes the aid of Beogh against you.
Beogh smites you!
You die...

#.........#.###..†...####.###...#
................#########...#....
.#......o##............####....##
>...........##.#######...####...#
..........................###....
######.#o.....oY........#.....#.#
###.......###o#####...#####....
...........# #W## ##### ##.#.#
###........# #.@#### #.....
##.......###.....# ###..#.#
..............##### #.......
.#########.##....# #....... .
........##....+ #.......
##########.8..+ #....... #....+
#....... #....# ######## ######


You could see a wraith, a sky beast, an orc priest and an orc.

Vanquished Creatures
  Grinder (D:6)
  A hornet (D:6)
  Sigmund (D:6)
  A shadow (D:7)
  Edmund (D:6)
  Duvessa (D:4)
  A water moccasin (D:6)
  3 sky beasts
  2 black bears (D:6)
  2 ice beasts
  An ogre (D:5)
  2 necrophages
  2 phantoms (D:5)
  A kobold brigand (Sewer)
  2 bullfrogs
  2 scorpions
  Dowan (D:4)
  A water moccasin skeleton (D:5)
  A howler monkey (D:7)
  3 centaur zombies
  A hound (D:5)
  An orc priest (D:4)
  Crazy Yiuf (D:4)
  A bullfrog skeleton (D:6)
  3 iguanas
  3 orc wizards
  2 hound skeletons
  4 gnolls (D:6)
  2 adders
  3 white imps
  An ufetubus (D:6)
  2 worms
  A dart slug (D:5)
  9 orcs
  6 ball pythons
  7 endoplasms
  3 giant cockroaches
  2 goblins (D:2)
  10 hobgoblins
  11 jackals
  2 quokkas
  3 bats
  2 frilled lizards
  7 kobolds
  11 rats
128 creatures vanquished.

Vanquished Creatures (collateral kills)
  A white imp (D:7)
1 creature vanquished.

Grand Total: 129 creatures vanquished

Notes
Turn   | Place    | Note
-------+----------+-------------------------------------------
     0 | Abyss:1  | spiderkeys the Demonspawn Abyssal Knight began the quest
                  | for the Orb.
     0 | Abyss:1  | Reached XP level 1. HP: 18/18 MP: 2/2
    73 | Abyss:1  | Noticed a vampire
   159 | Abyss:2  | Noticed a raiju
   159 | Abyss:2  | Noticed a wraith
   159 | Abyss:2  | Noticed a large abomination
   159 | Abyss:2  | Noticed a smoke demon
   159 | Abyss:2  | Noticed a raiju
   161 | D:1      | Escaped the Abyss
   440 | D:1      | Reached skill level 1 in Dodging
   473 | D:1      | Gained mutation: You are partially covered in molten
                  | scales. (AC +2) [demonic ancestry]
   473 | D:1      | Reached XP level 2. HP: 24/24 MP: 3/3
   620 | D:1      | Reached * piety under Lugonu
  1012 | D:1      | Reached XP level 3. HP: 24/29 MP: 5/5
  1738 | D:2      | Reached ** piety under Lugonu
  2281 | D:2      | Identified the Reference Book on the Snowflakes and the
                  | Voyage
  2698 | D:3      | Gained mutation: You are mostly covered in molten scales.
                  | (AC +3) [demonic ancestry]
  2698 | D:3      | Reached XP level 4. HP: 34/35 MP: 6/6
  3201 | D:3      | Found a broken altar of Ashenzari.
  3615 | D:4      | Found a runed translucent door.
  3616 | D:4      | Noticed Crazy Yiuf
  3929 | D:4      | Reached skill level 1 in Shields
  4152 | D:4      | Noticed Duvessa
  4152 | D:4      | Noticed Dowan
  4160 | D:4      | Killed Dowan
  4161 | D:4      | Reached skill level 1 in Necromancy
  4161 | D:4      | Reached XP level 5. HP: 37/41 MP: 7/7
  4165 | D:4      | Killed Duvessa
  4166 | D:4      | Reached XP level 6. HP: 28/48 MP: 7/9
  4613 | D:4      | Found a hazy altar of Hepliaklqana.
  4921 | D:4      | Killed Crazy Yiuf
  4971 | D:5      | Entered Level 5 of the Dungeon
  5069 | D:5      | Noticed Prince Ribbit
  5082 | D:5      | Gained mutation: You regenerate a little health from kills.
                  | [demonic ancestry]
  5082 | D:5      | Reached XP level 7. HP: 54/54 MP: 10/10
  5108 | D:5      | Found a glowing drain.
  5113 | Sewer    | Entered a sewer
  6161 | D:5      | Reached skill level 5 in Invocations
  6176 | D:5      | Gained mutation: You have a pair of small antennae on your
                  | head. [demonic ancestry]
  6176 | D:5      | Reached XP level 8. HP: 32/61 MP: 11/11
  6478 | D:6      | Noticed Edmund
  6482 | D:6      | Noticed a hornet
  6483 | D:6      | Killed Edmund
  6488 | D:6      | Paralysed by a hornet for 1 turns
  6493 | D:6      | Paralysed by a hornet for 1 turns
  6496 | D:6      | Killed a hornet
  6497 | D:6      | Reached skill level 5 in Polearms
  6497 | D:6      | Reached skill level 5 in Necromancy
  6655 | D:6      | Found Gethrostren's Elemental Accessories.
  6671 | D:6      | Reached *** piety under Lugonu
  6797 | D:6      | Noticed Sigmund
  6806 | D:6      | Killed Sigmund
  6807 | D:6      | Reached skill level 5 in Fighting
  6853 | D:6      | Found Joid's Jewellery Boutique.
  7140 | D:6      | Noticed Grinder
  7153 | D:6      | Paralysed by Grinder for 7 turns
  7165 | D:6      | Killed Grinder
  7166 | D:6      | Gained mutation: A meltable shield of frost defends you.
                  | (SH +4) [demonic ancestry]
  7166 | D:6      | Reached XP level 9. HP: 21/68 MP: 13/13
  8026 | D:6      | Found a staircase to the Ecumenical Temple.
  8443 | D:7      | Paralysed by a hornet for 3 turns
  8448 | D:7      | Reached skill level 5 in Armour
  8606 | D:7      | Identified the ring of Wewnu {rCorr Str+3}
  8656 | D:7      | Noticed Joseph
  8672 | D:7      | Banished Joseph
  9075 | D:7      | Killed from afar by an orc priest

Illustrated notes

Levels and vault maps discovered:
D:1:      dpeg_arrival_three_same_balls, layout_basic
D:2:      layout_basic
D:3:      layout_basic, lemuel_doored_altar
D:4:      layout_basic, nzn_hepliaklqana_mist_gate, lemuel_round_altar,
          uniq_duvessa, uniq_crazy_yiuf_cottage
D:5:      layout_rooms, portal_sewer_entry_e, uniq_prince_ribbit1
D:6:      layout_cave_pools, minmay_temple_entry_fiery, serial_shops,
          kennysheep_mini_moat, small_statue_alley_b, grunt_ministairs_13,
          chequers_serial_rivers_micro_a, nicolae_elemental_shop, uniq_edmund,
          uniq_sigmund, uniq_grinder
D:7:      layout_rooms, slow_altar_2, serial_glass, glass_columns_a,
          glass_columns_b, feat_on_display, feat_on_display,
          due_unseen_surprise, minmay_strange_pillars, kb_lookout_dungeons_type,
          uniq_joseph

Skill      XL: |  1  2  3  4  5  6  7  8  9 |
---------------+----------------------------+-----
Dodging        | 1 |  1.1
Polearms       | 2 3 4 5 7 |  7.3
Armour         | 2 3 4 5 |  5.2
Invocations    | 3 4 5 6 7 |  7.5
Shields        | 1 2 3 4 |  4.5
Necromancy     | 1 2 3 4 5 |  5.0
Fighting       | 4 5 6 |  6.1

Action                   |  1- 3 |  4- 6 |  7- 9 || total
-------------------------+-------+-------+-------++-------
Melee: Spear             |   181 |    89 |   360 ||   630
Throw: Dart              |       |       |     1 ||     1
Invok: Depart the Abyss  |     1 |       |       ||     1
       Bend Space        |       |       |     4 ||     4
       Banish            |       |       |     2 ||     2
Evoke: Wand              |       |    15 |    16 ||    31
  Use: Scroll            |     6 |       |     5 ||    11
       Potion            |       |       |     6 ||     6
 Stab: Sleeping          |       |     2 |     1 ||     3
       Invisible         |       |       |     1 ||     1
Armor: Leather armour    |    75 |    21 |   145 ||   241
Dodge: Dodged            |    70 |    36 |   105 ||   211
Block: Kite shield       |    53 |    31 |   188 ||   272

Table legend: (Time is in decaauts)
 A = Elapsed time spent in this place.
 B = Non-inter-level travel time spent in this place.
 C = Inter-level travel time spent in this place.
 D = Time resting spent in this place.
 E = Time spent auto-exploring this place.
 F = Levels seen in this place.
 G = Mean time per level.
                   A        B        C        D        E       F      G
               +--------+--------+--------+--------+--------+-----+--------+
         Total |   9205 |   8945 |    260 |   1105 |   6294 |  10 |  920.5 |
       Dungeon |   8605 |   8345 |    260 |    873 |   6162 |   7 | 1229.3 |
         Abyss |    160 |    160 |      0 |      0 |      0 |   2 |   80.0 |
         Sewer |    439 |    439 |      0 |    232 |    131 |   1 |  439.0 |
               +--------+--------+--------+--------+--------+-----+--------+

Top non-repeatable levels by time:
     D:6: 1719 daAuts
     D:4: 1500 daAuts
     D:3: 1324 daAuts
     D:2: 1318 daAuts
     D:7: 948 daAuts
     D:1: 897 daAuts
     D:5: 896 daAuts
   Sewer: 439 daAuts
 Abyss:1: 83 daAuts
 Abyss:2: 77 daAuts
